AoeStats
← 青山新雨 夜观星河

Arena

509865241Analyzed
4v4 RM · 5d ago on Sep 28, 2026· 44m 28s· 8 players
Game mode
Random Map
Map size
Large (8 player)
Population
200
Speed
Normal
Resources
Standard
Victory
Conquest
Starting age
Dark Age
Ending age
Imperial Age
RankedLock teamsTeams togetherTeam positionsShared explorationLock speedFull tech treeHidden civsTurbo modeCheats
Victory
Defeat
🇨🇳 Varangians · China
1104
+15
🇻🇳 Franks · Vietnam
1100
+15
🇨🇳 Huns · China
1092
+16
🇹🇼 Japanese · Taiwan
1088
+16
🇩🇪 Britons · Germany
1130
-18
🇲🇽 Varangians · Mexico
1083
-15
1069
-15
🇮🇹 Ethiopians · Italy
1053
-14
青山新雨 夜观星河
11:16 Feudal Age
12:51 Loom
15:34 Castle Age
13:41 Double-Bit Axe
13:39 Horse Collar
17:21 Wheelbarrow
16:56 Heavy Plow
21:40 Bow Saw
22:39 Gold Mining
29:18 Imperial Age
27:57 Hand Cart
27:46 Scale Mail Armor
28:18 Forging
28:08 Murder Holes
28:35 Ballistics
28:45 Squires
28:07 Pikeman
29:45 Chain Mail Armor
29:53 Anarchy
30:32 Conscription
31:59 Two-Man Saw
32:51 Iron Casting
32:24 Halberdier
34:50 Chemistry
37:45 Blast Furnace
36:36 Fletching
Joserro
11:31 Feudal Age
15:17 Castle Age
13:06 Double-Bit Axe
13:32 Horse Collar
16:38 Gold Mining
21:03 Imperial Age
18:31 Loom
19:56 Stone Mining
19:57 Gold Mining
20:24 Bow Saw
22:03 Wheelbarrow
24:28 Fletching
26:36 Bodkin Arrow
31:06 Ballistics
38:09 Pikeman
40:51 Scale Mail Armor
41:01 Forging
42:08 Squires
43:12 Hand Cart
42:45 Town Watch
Robbsen7
9:51 Feudal Age
8:25 Loom
14:25 Castle Age
12:27 Double-Bit Axe
12:24 Horse Collar
14:08 Gold Mining
21:36 Wheelbarrow
21:16 Bow Saw
22:03 Stone Mining
26:19 Gold Shaft Mining
25:46 Heavy Plow
29:22 Imperial Age
26:48 Fletching
27:20 Padded Archer Armor
27:45 Masonry
27:52 Bodkin Arrow
28:15 Town Watch
29:32 Elite Longbowman
30:42 Bracer
31:59 Ballistics
32:40 Chemistry
32:37 Hand Cart
33:13 Leather Archer Armor
33:19 Scale Mail Armor
33:30 Forging
34:18 Pikeman
34:58 Squires
35:50 Ring Archer Armor
35:12 Halberdier
35:38 Arson
36:11 Chain Mail Armor
36:32 Iron Casting
38:07 Plate Mail Armor
43:07 Blast Furnace
_phlebas_
8:11 Loom
11:07 Feudal Age
12:58 Town Watch
15:40 Castle Age
15:03 Scale Barding Armor
15:31 Gold Mining
15:29 Double-Bit Axe
15:37 Fletching
15:47 Padded Archer Armor
15:57 Scale Mail Armor
17:05 Wheelbarrow
18:33 Stone Mining
24:55 Stone Shaft Mining
24:56 Gold Shaft Mining
27:14 Chain Mail Armor
26:57 Bodkin Arrow
27:47 Royal Heirs
29:05 Bow Saw
36:19 Gold Shaft Mining
36:39 Forging
39:25 Imperial Age
38:58 Hand Cart
38:47 Town Patrol
39:41 Halberdier
40:22 Squires
40:10 Arson
40:48 Man-at-Arms
41:50 Long Swordsman
44:51 Two-Man Saw
AnAnHeart
10:52 Feudal Age
16:39 Castle Age
15:59 Double-Bit Axe
15:55 Horse Collar
16:59 Loom
21:03 Bow Saw
20:45 Gold Mining
22:10 Wheelbarrow
23:52 Forging
25:51 Heavy Plow
28:18 Iron Casting
27:45 Scale Mail Armor
28:43 Gold Shaft Mining
30:47 Stone Mining
34:27 Chain Mail Armor
34:49 Squires
37:39 Imperial Age
37:38 Padded Archer Armor
37:18 Pikeman
39:38 Hand Cart
40:34 Blast Furnace
41:12 Conscription
zack
10:44 Feudal Age
11:32 Double-Bit Axe
15:42 Castle Age
13:26 Horse Collar
18:02 Heavy Plow
19:32 Bow Saw
19:15 Gold Mining
22:24 Stone Mining
25:52 Scale Mail Armor
27:18 Fletching
29:11 Stone Shaft Mining
28:52 Scale Barding Armor
32:27 Imperial Age
30:43 Fortified Wall
31:09 Treadmill Crane
33:04 Wheelbarrow
32:54 Forging
33:05 Chain Barding Armor
34:57 Two-Man Saw
34:38 Crop Rotation
34:40 Conscription
34:25 Gothikon
37:14 Iron Casting
36:55 Chain Mail Armor
36:47 Elite Varangian Guard
38:29 Conscription
39:17 Gothikon
40:53 Squires
40:38 Arson
42:52 Blast Furnace
45:08 Plate Mail Armor
bthi68153
2:22 Loom
10:32 Feudal Age
16:37 Castle Age
14:37 Double-Bit Axe
15:30 Gold Mining
17:56 Bow Saw
18:23 Wheelbarrow
24:50 Forging
30:09 Imperial Age
28:12 Scale Barding Armor
29:35 Chain Barding Armor
30:16 Iron Casting
30:43 Husbandry
30:30 Cavalier
32:07 Plate Barding Armor
34:30 Blast Furnace
34:49 Paladin
37:28 Light Cavalry
41:09 Chemistry
42:15 Elite Skirmisher
42:58 Padded Archer Armor
42:49 Fletching
43:55 Leather Archer Armor
波波菜FV
1:44 Loom
12:24 Feudal Age
13:18 Double-Bit Axe
16:22 Castle Age
14:07 Horse Collar
15:04 Gold Mining
17:30 Bow Saw
17:43 Heavy Plow
29:16 Imperial Age
27:28 Wheelbarrow
27:37 Gold Shaft Mining
27:58 Forging
28:16 Scale Barding Armor
29:29 Bloodlines
29:20 Husbandry
29:51 Hand Cart
29:27 Cavalier
30:44 Iron Casting
30:30 Chain Barding Armor
30:54 Paladin
32:36 Blast Furnace
32:06 Scale Mail Armor
33:56 Plate Barding Armor
33:47 Scale Mail Armor
36:27 Chain Mail Armor
36:12 Padded Archer Armor
36:03 Fletching
36:09 Pikeman
36:50 Squires
36:35 Arson
36:52 Halberdier
37:24 Light Cavalry
38:23 Leather Archer Armor
39:54 Hussar
42:14 Coinage
41:45 Caravan
41:56 Guilds
42:04 Bodkin Arrow
43:20 Bracer
43:56 Banking
Connection lost

Rejoining the realm…

Still unreachable

The connection could not be restored.

Session expired

The server has moved on; the page needs a fresh start.